 Dungeon Crawl Stone Soup version 0.24.0-123-gd5b16e6ec5 (webtiles) character file.

Game seed: 14402365711879185349, levelgen mode: deterministic

32039 Curus the Warrior (level 13, -2/190 HPs)
             Began as a Minotaur Monk on Jan 29, 2020.
             Was a High Priest of Trog.
             Slain by a soldier ant (3 damage)
             ... on level 6 of the Lair of Beasts.
             The game lasted 01:03:31 (13065 turns).

Curus the Warrior (Minotaur Monk)                  Turns: 13065, Time: 01:03:33

Health: -2/190     AC: 19    Str: 23    XL:     13   Next: 29%
Magic:  17/17      EV:  9    Int: 11    God:    Trog [*****.]
Gold:   730        SH:  2    Dex: 18    Spells: 12/12 levels left

rFire    . . .     SeeInvis +   r - +4 trident (venom)
rCold    + . .     Gourm    .   (no shield)
rNeg     . . .     Faith    .   p - +2 plate armour
rPois    .         Spirit   .   (helmet restricted)
rElec    +         Reflect  +   (no cloak)
rCorr    +         Harm     .   P - +1 pair of gloves {archery}
MR       ++...                  L - +0 pair of boots "Adgho" {MR+ rCorr Int+4 SInv}
Stlth    ..........             f - +2 amulet of reflection
HPRegen  0.41/turn              w - ring of Jafext {rElec MR+}
MPRegen  0.15/turn              B - ring of protection from cold

@: berserking (expiring), lethally poisoned (-2 -> -7), corroded, very quick
A: retaliatory headbutt, horns 2, high mp 1, strong 1
a: Berserk, Trog's Hand, Brothers in Arms, Renounce Religion


You were on level 6 of the Lair of Beasts.
You worshipped Trog.
Trog was extremely pleased with you.
You were very hungry.

You visited 2 branches of the dungeon, and saw 14 of its levels.
You also visited: Gauntlet.

You collected 730 gold pieces.

Inventory:

Hand Weapons
 a - a +1 spear
 d - a +0 spear of venom
 n - a +0 trident
 r - a +4 trident of venom (weapon)
 x - a +2 trident of distortion
 T - a +0 bardiche
Armour
 b - a +0 robe
 j - a +0 scale mail
 p - a +2 plate armour (worn)
 A - the +1 leather armour of the Doldrums {Dex+2}
   (You found it on level 7 of the Dungeon)

   It affects your dexterity (+2).
 H - a +1 pair of boots of running
 L - the +0 pair of boots "Adgho" (worn) {MR+ rCorr Int+4 SInv}
   (You found it in a Gauntlet)

   It affects your intelligence (+4).
   It affects your resistance to hostile enchantments.
   It lets you see invisible.
   It provides partial protection from all sources of acid and corrosion.
 P - a +1 pair of gloves of archery (worn)
 Q - the +0 chain mail of Impermeability {Dex+4}
   (You found it in a Gauntlet)

   It affects your dexterity (+4).
Jewellery
 f - a +2 amulet of reflection (around neck)
 g - an uncursed ring of magical power
 q - an uncursed ring of wizardry
 u - a +4 ring of dexterity
 w - the ring of Jafext (left hand) {rElec MR+}
   (You found it on level 5 of the Dungeon)

   [ring of protection from magic]

   It insulates you from electricity.
   It affects your resistance to hostile enchantments.
 y - an uncursed ring of positive energy
 z - an uncursed ring of teleportation
 B - a ring of protection from cold (right hand)
 E - a cursed amulet of inaccuracy
 K - a +5 ring of dexterity
 M - the ring "Ziorri Wech" {MP-9 Str+5 Dex+4 SInv}
   (You took it off a minotaur in a Gauntlet)

   [ring of see invisible]

   It affects your strength (+5).
   It affects your dexterity (+4).
   It affects your magic capacity (-9).
   It lets you see invisible.
 N - a +5 ring of strength
 O - the ring "Luskewni" {*Tele Stlth+}
   (You found it in a Gauntlet)

   [ring of teleportation]

   It may teleport you next to monsters.
   It makes you more stealthy.
 U - a +4 ring of intelligence
Wands
 h - a wand of flame (10)
 D - a wand of clouds (11)
 J - a wand of digging (4)
 S - a wand of paralysis (9)
Scrolls
 l - 6 scrolls of teleportation
 m - 6 scrolls of remove curse
 v - 3 scrolls of identify
 C - 2 scrolls of magic mapping
 G - 2 scrolls of fog
 R - 2 scrolls of fear
Potions
 e - 2 potions of lignification
 i - a potion of cancellation
 k - a potion of resistance
 o - 6 potions of curing
 s - 2 potions of ambrosia
 t - 2 potions of agility
 F - 2 potions of haste
 I - a potion of flight
 V - 2 potions of brilliance
Comestibles
 c - 19 rations
 W - 2 chunks of flesh


   Skills:
 + Level 15.5 Fighting
 - Level 14.0 Polearms
 + Level 15.1 Armour
 - Level 3.2 Dodging
 - Level 1.5 Stealth
 - Level 5.2 Evocations


You had 12 spell levels left.
You didn't know any spells.
Your spell library was empty.

Dungeon Overview and Level Annotations

Branches:
Dungeon (8/15)             Temple (0/1) D:7            Lair (6/6) D:8
  Swamp (0/4) Lair:3        Snake (0/4) Lair:3        Slime (0/5) Lair:5
Gauntlet (visited)

Altars:
Ashenzari
Cheibriados
Fedhas
Gozag
Nemelex Xobeh
Okawaru
Trog
Uskayaw
Wu Jian
Xom
Jiyva

Shops:
D:4 *=[


Innate Abilities, Weirdness & Mutations

You reflexively headbutt those who attack you in melee.
You have a pair of horns on your head.
You have an increased reservoir of magic. (+10% MP)
Your muscles are strong. (Str +2)


Message History

Trog appreciates your killing of a magic user.
A worker ant comes into view.
The polar bear bites you but does no damage.
The polar bear claws you but does no damage. x2
Unknown command.
You puncture the soldier ant!
The soldier ant is poisoned.
You headbutt the soldier ant!
You kill the soldier ant!
Trog accepts your kill.
* * * LOW HITPOINT WARNING * * *
You feel sick.
Unknown command.
You barely miss the soldier ant. You block the worker ant's attack.
You impale the soldier ant!!
The soldier ant looks as sick as possible!
You headbutt the soldier ant.
The soldier ant is severely wounded.
* * * LOW HITPOINT WARNING * * *
You feel sick. The soldier ant stings you.
You die...

... . #......... ..
.##......... ..
.#.... .... .##...#
Y8.# ....# ##.Y.## #
#...# #..Y..#.# ..
#<.8# #l†8...#
....#...# #hY...#
......#..###@a...#
........÷.a#†a8.##
......#....a.....#
........#..a........
........##..........
.........##..†....##
........ #.#....##
....... #.#.8.#.#
....#.. ..#.#+###


You could see 4 elephants, a polar bear, a komodo dragon, a soldier ant and 3
worker ants.

Vanquished Creatures
  An entropy weaver (Lair:6)
  A minotaur (Gauntlet)
  2 hydras
  A catoblepas (Gauntlet)
  Sonja (Lair:1)
  3 sixfirhies (Gauntlet)
  6 elephants
  5 black mambas
  10 spiny frogs
  A gargoyle (Gauntlet)
  A rime drake (Lair:4)
  7 komodo dragons
  5 polar bears
  A hornet (D:7)
  Prince Ribbit (D:6)
  3 hippogriffs
  12 blink frogs
  21 yaks
  2 shadows (Gauntlet)
  3 basilisks
  A steam dragon (Lair:4)
  3 nagas (Lair:3)
  12 water moccasins
  5 soldier ants (Lair:6)
  14 porcupines
  An orc warrior (D:6)
  A phantom (D:6)
  A sky beast (D:6)
  An ice beast (D:8)
  16 wolves
  3 ogres
  A centaur (D:8)
  15 crocodiles
  11 bullfrogs
  3 scorpions
  4 killer bees (D:8)
  3 wights (D:7)
  2 howler monkeys (D:8)
  2 bullfrog zombies
  4 crimson imps
  2 orc priests (D:6)
  2 centaur skeletons
  6 hounds
  3 orc wizards
  2 bullfrog skeletons
  4 iguanas
  Jessica (D:2)
  Terence (D:2)
  9 worker ants
  A killer bee zombie (D:7)
  3 hound skeletons
  7 gnolls
  9 adders
  A howler monkey skeleton (D:8)
  2 shadow imps
  2 oozes
  An adder skeleton (D:8)
  2 worms
  3 dart slugs
  4 leopard geckos
  27 orcs
  3 ball pythons
  6 giant cockroaches
  6 goblins
  5 hobgoblins
  8 jackals
  3 quokkas
  8 bats
  4 frilled lizards (D:2)
  A giant cockroach zombie (D:5)
  A jackal skeleton (D:5)
  14 kobolds
  A quokka skeleton (D:7)
  8 rats
350 creatures vanquished.

Vanquished Creatures (others)
  3 fungi
  A plant (D:8)
  14 withered plants (Gauntlet)
18 creatures vanquished.

Grand Total: 368 creatures vanquished

Notes
Turn   | Place    | Note
-------+----------+-------------------------------------------
     0 | D:1      | Curus the Minotaur Monk began the quest for the Orb.
     0 | D:1      | Reached XP level 1. HP: 19/19 MP: 0/0
   104 | D:1      | Reached XP level 2. HP: 26/26 MP: 1/1
   373 | D:1      | Reached skill level 5 in Polearms
   550 | D:2      | Found a bloodstained altar of Trog.
   555 | D:2      | Became a worshipper of Trog the Wrathful
   555 | D:2      | Reached * piety under Trog
   555 | D:2      | Reached ** piety under Trog
   567 | D:2      | Reached XP level 3. HP: 31/31 MP: 2/2
   716 | D:2      | Found an opulent altar of Gozag.
   810 | D:2      | Noticed Terence
   817 | D:2      | Killed Terence
   846 | D:2      | Reached XP level 4. HP: 36/39 MP: 3/3
   883 | D:2      | Noticed Jessica
   890 | D:2      | Found a shimmering altar of Xom.
   898 | D:2      | Killed Jessica
  1478 | D:3      | Found a snail-covered altar of Cheibriados.
  1530 | D:3      | Reached XP level 5. HP: 23/45 MP: 4/4
  1893 | D:3      | Found a blossoming altar of Fedhas.
  1893 | D:3      | Found a hide-covered altar of Uskayaw.
  1894 | D:3      | Found a shattered altar of Ashenzari.
  2509 | D:3      | Reached *** piety under Trog
  2807 | D:4      | Found Eqiapac's Armour Shop.
  2895 | D:4      | Found Gekussiv's Jewellery Shoppe.
  2928 | D:4      | Reached XP level 6. HP: 47/51 MP: 5/5
  3099 | D:4      | Found Gewyviwo's General Store.
  3393 | D:4      | Found an ornate altar of the Wu Jian Council.
  3451 | D:5      | Entered Level 5 of the Dungeon
  3699 | D:5      | Found a sparkling altar of Nemelex Xobeh.
  3723 | D:5      | Reached XP level 7. HP: 47/57 MP: 6/6
  3744 | D:5      | Found an iron altar of Okawaru.
  3992 | D:5      | Got a vibrating pewter ring
  3994 | D:5      | Identified the ring of Jafext {rElec MR+} (You found it on
                  | level 5 of the Dungeon)
  4302 | D:6      | Reached skill level 10 in Polearms
  4709 | D:6      | Found a blossoming altar of Fedhas.
  4761 | D:6      | Reached XP level 8. HP: 31/64 MP: 7/7
  4770 | D:6      | Reached **** piety under Trog
  4951 | D:6      | Noticed Prince Ribbit
  4968 | D:6      | Killed Prince Ribbit
  5384 | D:6      | Gained mutation: You have an increased reservoir of magic.
                  | (+10% MP) [potion of mutation]
  5384 | D:6      | Gained mutation: Your muscles are strong. (Str +2) [potion
                  | of mutation]
  5568 | D:7      | Reached XP level 9. HP: 61/70 MP: 8/8
  5608 | D:7      | Got an encrusted leather armour
  5717 | D:7      | Found a staircase to the Ecumenical Temple.
  5749 | D:7      | Paralysed by a hornet for 1 turns
  5753 | D:7      | Paralysed by a hornet for 3 turns
  5794 | D:7      | Reached skill level 5 in Fighting
  5898 | D:7      | Identified the +1 leather armour of the Doldrums {Dex+2}
                  | (You found it on level 7 of the Dungeon)
  5923 | D:8      | Reached skill level 5 in Armour
  6002 | D:8      | Reached ***** piety under Trog
  6040 | D:8      | Found a staircase to the Lair.
  6045 | D:8      | Reached XP level 10. HP: 39/88 MP: 10/10
  6417 | Lair:1   | Entered Level 1 of the Lair of Beasts
  6425 | Lair:1   | Reached skill level 1 in Evocations
  6430 | Lair:1   | Noticed Sonja
  6446 | Lair:1   | Killed Sonja
  6843 | Lair:1   | Reached skill level 5 in Evocations
  7142 | Lair:1   | Noticed a spiny frog
  7143 | Lair:1   | Noticed a spiny frog
  7143 | Lair:1   | Noticed a spiny frog
  7152 | Lair:1   | Killed a spiny frog
  7157 | Lair:1   | Reached XP level 11. HP: 75/99 MP: 15/15
  7158 | Lair:1   | Reached skill level 10 in Fighting
  7344 | Lair:1   | Identified a +1 pair of boots of running (You found it on
                  | level 1 of the Lair of Beasts)
  7706 | Lair:2   | Reached skill level 10 in Armour
  9577 | Lair:3   | Found a staircase to the Snake Pit.
  9619 | Lair:3   | Reached XP level 12. HP: 47/113 MP: 16/16
  9758 | Lair:3   | Found a staircase to the Swamp.
  9883 | Lair:3   | Found a gate leading to a gauntlet.
  9912 | Gauntlet | Entered a Gauntlet
  9912 | Gauntlet | Found a transporter.
  9912 | Gauntlet | Found a transporter.
  9916 | Gauntlet | Found a transporter.
  9916 | Gauntlet | Found a transporter.
  9925 | Gauntlet | Found a transporter.
  9926 | Gauntlet | Noticed a catoblepas
  9938 | Gauntlet | Found a transporter.
  9948 | Gauntlet | Found a transporter.
  9948 | Gauntlet | Found a transporter.
  9951 | Gauntlet | Found a transporter.
  9978 | Gauntlet | Found a transporter.
 10007 | Gauntlet | Found a transporter.
 10053 | Gauntlet | Found a transporter.
 10069 | Gauntlet | Found a transporter.
 10082 | Gauntlet | Found a transporter.
 10174 | Gauntlet | Found a transporter.
 10190 | Gauntlet | Found a transporter.
 10290 | Gauntlet | Killed a catoblepas
 10702 | Gauntlet | Got a pair of encrusted boots
 10713 | Gauntlet | Identified the +0 pair of boots "Adgho" {MR+ rCorr Int+4
                  | SInv} (You found it in a Gauntlet)
 10720 | Gauntlet | Identified the +5 chain mail of Puuxap {+Fly Int+2}
 10720 | Gauntlet | Identified the ring "Ziorri Wech" {MP-9 Str+5 Dex+4 SInv}
 10720 | Gauntlet | Noticed a minotaur
 10742 | Gauntlet | Killed a minotaur
 11039 | Gauntlet | Got a brightly glowing lead ring
 11045 | Gauntlet | Got a jewelled chain mail
 11047 | Gauntlet | Identified the Almanac of Enchantment
 11055 | Gauntlet | Identified the ring "Luskewni" {*Tele Stlth+} (You found it
                  | in a Gauntlet)
 11361 | Lair:2   | Identified the +0 chain mail of Impermeability {Dex+4} (You
                  | found it in a Gauntlet)
 12509 | Lair:5   | Noticed a five-headed hydra
 12518 | Lair:5   | Killed a five-headed hydra
 12863 | Lair:5   | Reached XP level 13. HP: 105/125 MP: 17/17
 12932 | Lair:5   | Found a viscous altar of Jiyva.
 12933 | Lair:5   | Found a staircase to the Slime Pits.
 12960 | Lair:6   | Entered Level 6 of the Lair of Beasts
 12995 | Lair:6   | Reached skill level 15 in Fighting
 13047 | Lair:6   | Noticed an entropy weaver
 13050 | Lair:6   | Reached skill level 15 in Armour
 13051 | Lair:6   | HP: 9/190 [poisoned by a black mamba]
 13057 | Lair:6   | HP: 6/190 [poisoned by a black mamba]
 13061 | Lair:6   | HP: 2/190 [poisoned by a black mamba]
 13062 | Lair:6   | Killed an entropy weaver
 13065 | Lair:6   | Slain by a soldier ant

Levels and vault maps discovered:
D:1:      shiori_arrival_maze, layout_rooms, chequers_serial_rivers_micro_b
D:2:      layout_basic, lemuel_doored_altar, tgw_xom, st_stairs_10,
          grunt_gozag_statues, uniq_jessica, uniq_terence
D:3:      layout_basic, gammafunk_temple_overflow_claw, cheibriados_altar_1,
          kennysheep_potato
D:4:      layout_basic, lemuel_coloured_pillars_altar, serial_shops, shop,
          kennysheep_mini_moat, shop_statue, first_ration, minivault_14,
          minmay_goblin_kobold_house
D:5:      layout_cave_pools, okawaru_altar_gauntlet_db, kennysheep_mini,
          serial_co_window_serial, co_window_paths_b, co_window_paths_b,
          co_window_of_opportunity_a, co_window_cross_1, co_window_corner_a,
          co_window_corner_cb, co_window_corner_b, co_window_paths_c,
          co_window_corner_ca, co_window_broadway_c, co_window_corner_ca,
          glass_columns_b, glass_columns_c, serial_bayou_pond_a
D:6:      layout_basic, basic_altar, lightli_corner_chamber, uniq_prince_ribbit1
D:7:      layout_cave_pools, minmay_temple_entry_offerings
D:8:      minmay_separated_statues, layout_basic, marbit_many_paths,
          gammafunk_temple_overflow_pools, minmay_lair_entry_grove,
          ploomutoo_gammafunk_ghost_potion_laboratory, uniq_harold
Lair:1:   layout_hall_layers, beast_lair_carwin_2, uniq_sonja
Lair:2:   beast_lair_carwin_large_2, layout_cave_pods, st_stairs_10
Lair:3:   layout_chaotic_city, swamp_mist, guppyfry_snake_entry_island,
          gauntlet_entry_generic, st_stairs_11
Lair:4:   layout_roguey
Lair:5:   layout_long_grid, dpeg_slime_entry_enclosed_altar,
          cheibrodos_lair_caveside_slide
Lair:6:   grunt_lair_end_beastmaster, layout_gridlike, minivault_29,
          grunt_megastairs_5

Skill      XL: |  1  2  3  4  5  6  7  8  9 10 11 12 13 |
---------------+----------------------------------------+-----
Polearms       | 4 5 6 8 9 11 13 14 | 14.0
Fighting       | 7 9 12 14 15 | 15.5
Armour         | 6 9 12 14 15 | 15.1
Evocations     | 5 |  5.2
Dodging        | |  3.2
Stealth        | |  1.5

Action                   |  1- 3 |  4- 6 |  7- 9 | 10-12 | 13-15 || total
-------------------------+-------+-------+-------+-------+-------++-------
Melee: Spear             |    59 |    88 |       |       |       ||   147
       Headbutt          |     9 |    26 |    77 |   154 |    17 ||   283
       Trident           |       |    98 |   295 |   649 |    91 ||  1133
Invok: Trog's Hand       |       |     1 |     1 |     3 |       ||     5
       Berserk           |       |       |     2 |    10 |     1 ||    13
       Brothers in Arms  |       |       |       |     1 |       ||     1
Evoke: Wand              |       |       |       |     4 |       ||     4
  Use: Scroll            |     6 |     2 |     4 |     8 |       ||    20
       Potion            |     4 |     6 |     2 |     5 |       ||    17
 Stab: Sleeping          |     5 |       |       |       |       ||     5
       Invisible         |       |       |       |     1 |       ||     1
  Eat: Ration            |       |     1 |     1 |     4 |       ||     6
       Chunk             |       |     5 |     7 |    17 |     1 ||    30
Armor: Robe              |     4 |       |       |       |       ||     4
       Scale mail        |       |    15 |       |       |       ||    15
       Plate armour      |       |    58 |   107 |   242 |    54 ||   461
Dodge: Dodged            |    23 |    44 |    57 |   140 |    31 ||   295
Block: Other             |       |     4 |    24 |    31 |     6 ||    65
       Reflection        |       |     1 |     2 |     1 |       ||     4
